 Dungeon Crawl Stone Soup version 0.32-a0-909-gc671339a80 (webtiles) character file.

Game seed: 11000693889950279810

29248 Fodor the Severer (level 13, -5/116 HPs)
             Began as a Minotaur Fighter on Apr 7, 2024.
             Was an Initiate of Gozag.
             Slain by a formless jellyfish (15 damage)
             ... on level 2 of the Pits of Slime.
             The game lasted 00:49:25 (13851 turns).

Fodor the Severer (Minotaur Fighter)               Turns: 13851, Time: 00:49:26

Health: -5/116     AC: 18    Str: 27    XL:     13   Next: 14%
Magic:  0/12       EV: 17    Int:  4    God:    Gozag
Gold:   1550       SH:  6    Dex: 13    Spells: 12/12 levels left

rFire   . . .        w - +8 war axe "Joil" {spect, Int+4}
rCold   . . .        c - +0 buckler
rNeg    . . .        n - +3 plate armour
rPois   +            (helmet currently unavailable)
rElec   .            T - melded +2 cloak of Tietexa {rN+}
rCorr   .            I - melded +1 pair of gloves
SInv    +            (boots currently unavailable)
Will    .....        e - amulet of guardian spirit Stlth
                     z - +5 ring of evasion
HPRegen 0.39/turn    y - +5 ring of evasion
MPRegen 0.13/turn

%: guardian spirit
@: beast-form
A: beast (slay +2), horns 2, retaliatory headbutt
a: Begin Untransformation, Renounce Religion, Potion Petition, Call Merchant,
Bribe Branch


You were on level 2 of the Pits of Slime.
You worshipped Gozag.
Gozag was most pleased with you.
You were a hulking beast.
You visited 4 branches of the dungeon, and saw 17 of its levels.
You also visited: Sewer.

You collected 1721 gold pieces.
You paid 171 gold pieces to Gozag.

Inventory:

Hand Weapons
 w - the +8 war axe "Joil" (weapon) {spect, Int+4}
   (You acquired it on level 9 of the Dungeon)

   Int+4:     It affects your intelligence (+4).
 K - a +2 battleaxe of freezing
 M - a +0 orcbow
Missiles
 j - 3 silver javelins (quivered)
Armour
 c - a +0 buckler (worn)
 n - a +3 plate armour (worn)
 F - a +0 pair of boots
 I - a +1 pair of gloves (melded)
 T - the +2 cloak of Tietexa (melded) {rN+}
   (You acquired it on level 1 of the Lair of Beasts)

   rN+:       It protects you from negative energy.
Jewellery
 e - an amulet of guardian spirit (around neck)
 l - a ring of protection from cold
 x - a +6 ring of intelligence
 y - a +5 ring of evasion (right hand)
 z - a +5 ring of evasion (left hand)
 B - a ring of fire
 E - an amulet of regeneration
 U - a ring of positive energy
Talismans
 J - the beast talisman of Indomitability (active) {rPois Int-5 Dex+4 SInv}
   (You found it on level 1 of the Lair of Beasts)

   [beast talisman]

   Int-5:     It affects your intelligence (-5).
   Dex+4:     It affects your dexterity (+4).
   rPois:     It protects you from poison.
   SInv:      It lets you see invisible.
 O - a blade talisman
 P - a serpent talisman
 S - a maw talisman
Wands
 A - a wand of quicksilver (8)
 D - a wand of polymorph (7)
 G - a wand of warping (7)
 L - a wand of flame (15)
 N - a wand of digging (6)
Scrolls
 g - 7 scrolls of teleportation
 h - 4 scrolls of fog
 i - 3 scrolls of vulnerability
 o - a scroll of acquirement
 s - 4 scrolls of fear
 t - 3 scrolls of revelation
 u - 2 scrolls of summoning
 C - a scroll of blinking {unknown}
 H - a scroll of amnesia {unknown}
 R - 2 scrolls of poison {unknown}
 W - a scroll of enchant weapon {unknown}
 X - a scroll of enchant armour
Potions
 a - a potion of lignification {unknown}
 b - a potion of haste {unknown}
 d - 4 potions of might
 f - 6 potions of heal wounds {unknown}
 k - 6 potions of curing {unknown}
 m - a potion of berserk rage
 p - 2 potions of brilliance {unknown}
 q - 2 potions of resistance {unknown}
 r - 2 potions of experience {unknown}
 v - 3 potions of magic {unknown}
 Q - 3 potions of ambrosia {unknown}
 V - a potion of enlightenment {unknown}


   Skills:
 + Level 11.6 Fighting
 - Level 16.0 Axes
 + Level 7.8 Throwing
 + Level 11.9 Armour
 + Level 2.7 Dodging
 + Level 3.0 Stealth
 + Level 9.2 Shields
 + Level 3.8 Shapeshifting


You had 12 spell levels left.
You didn't know any spells.
Your spell library contained the following spells:

 Spells                   Type           Power      Damage    Failure   Level
 Freeze                   Ice            0%         1d3       99%         1
 Kiss of Death            Conj/Necr      0%         2d5       99%         1
 Shock                    Conj/Air       0%         1d3       99%         1
 Ensorcelled Hibernation  Hex/Ice        0%         N/A       100%        2
 Scorch                   Fire           0%         2d5       100%        2
 Frozen Ramparts          Ice            0%         1d1       100%        3
 Hailstorm                Conj/Ice       0%         3d5       100%        3
 Passwall                 Erth           0%         N/A       100%        3
 Swiftness                Air            0%         N/A       100%        3
 Tukima's Dance           Hex            0%         N/A       100%        3
 Airstrike                Air            0%         2d(0-16)  100%        4
 Dimensional Bullseye     Hex/Tloc       0%         N/A       100%        4
 Flame Wave               Conj/Fire      0%         2d4       100%        4
 Ignite Poison            Fire/Alch      0%         N/A       100%        4
 Iskenderun's Mystic Bla Conj/Tloc 0%             2d3        (+2d1     100%        4
 Sticky Flame             Fire/Alch      0%         2d4       100%        4
 Alistair's Intoxication  Alch           0%         N/A       100%        5
 Borgnjor's Vile Clutch   Necr/Erth      0%         N/A       100%        5
 Eringya's Noxious Bog    Alch           0%         4d6       100%        6
 Summon Cactus Giant      Summ           0%         N/A       100%        6
 Ignition                 Fire           0%         3d3       100%        8


Dungeon Overview and Level Annotations

Branches:
Dungeon (10/15)            Temple (1/1) D:7            Lair (4/5) D:8
  Swamp (0/4) Lair:3       Spider (0/4) Lair:3        Slime (2/5) Lair:4
  Sewer (visited)
    Orc: D:9-12

Altars:
Ashenzari
Cheibriados
Dithmenos
Elyvilon
Fedhas
Gozag
Hepliaklqana
Kikubaaqudgha
Makhleb
Nemelex Xobeh
Okawaru
Qazlal
Ru
Sif Muna
Trog
Uskayaw
Vehumet
Wu Jian
Xom
Yredelemnul
Zin
The Shining One
Jiyva

Shops:
D:1 (   D:4 =


Innate Abilities, Weirdness & Mutations

You are a hulking beast.
Your limbs bulge with bestial killing power. (Slay +2)
You have a pair of horns on your head.
You reflexively headbutt those who attack you in melee.


Message History

The azure jelly hits you. The azure jelly freezes you!!
The azure jelly closely misses you.
The azure jelly hits you but does no damage.
The azure jelly hits you.
You barely miss the azure jelly.
Your +8 war axe "Joil" {spect, Int+4} hits the azure jelly.
The azure jelly barely misses you. You block the azure jelly's attack.
The azure jelly hits you. The azure jelly hits you!
* * * LOW HITPOINT WARNING * * *
You completely miss the azure jelly.
The azure jelly is lightly wounded.
Your +8 war axe "Joil" {spect, Int+4} hits the azure jelly!
The azure jelly barely misses you. The azure jelly closely misses you.
The azure jelly misses you. The azure jelly barely misses you.
You barely miss the azure jelly. You headbutt the azure jelly.
The azure jelly is moderately wounded.
Your +8 war axe "Joil" {spect, Int+4} hits the azure jelly.
The azure jelly hits you but does no damage.
The azure jelly hits you. The azure jelly freezes you!!
* * * LOW HITPOINT WARNING * * *
The azure jelly hits you.
* * * LOW HITPOINT WARNING * * *
The azure jelly closely misses you.
As you read the scroll of fear, it crumbles to dust.
You assume a fearsome visage.
The azure jelly looks frightened!
Your +8 war axe "Joil" {spect, Int+4} disappears.
You are no longer corroded.
There is a stone staircase leading down here.
You can't go up here!
You climb downwards.
The slime creature quivers. x3
Found a stone staircase leading down.
There is a stone staircase leading up here.
A formless jellyfish comes into view.
The formless jellyfish quivers.
The formless jellyfish shimmers eerily.
The formless jellyfish blinks!
The formless jellyfish stings you!
You die...
Your body crumbles into a pile of gold.

## ## ## ##.##
.#.##.#####....#
#......#.#.J..#
#.....#.......###
.#.......<.J.....
......J...J......
.......h.........
..#.............#
#...........J..
.ยง...............
.................
.........>.......
#...............
.#.............


You could see a formless jellyfish and 4 slime creatures.

Vanquished Creatures
  An acid blob (Slime:1)
  A hydra (Lair:2)
  Erica (D:8)
  2 boulder beetles
  Sonja (Lair:1)
  A skyshark (Lair:2)
  2 bog bodies (Lair:3)
  Pikel (D:7)
  Maurice (D:7)
  4 elephants (Lair:2)
  2 black mambas
  7 cane toads
  4 komodo dragons (Lair:1)
  Jeremiah (D:7)
  A polar bear (Lair:1)
  2 trolls (D:9)
  A hornet (D:9)
  4 jumping spiders (Lair:3)
  Prince Ribbit (D:8)
  11 blink frogs
  3 slime creatures (Slime:1)
  2 wyverns
  21 yaks
  A vampire (D:9)
  A redback (Lair:3)
  A basilisk (Lair:4)
  4 steam dragons
  An acid dragon (D:10)
  14 water moccasins
  An orc warrior (D:8)
  17 wolves
  An ogre (D:5)
  4 black bears
  An ice beast (D:6)
  3 lemures (D:7)
  3 centaurs (D:9)
  A phantom (D:4)
  5 kobold brigands
  2 brain worms (Sewer)
  14 bullfrogs
  2 gnoll sergeants
  2 scorpions
  24 wights
  5 killer bees (D:10)
  An electric eel (Lair:2)
  2 howler monkeys
  4 hounds
  14 jellies
  A sleepcap (D:8)
  3 iguanas
  3 orc wizards (D:8)
  Natasha (thrice) (D:2)
  Terence (D:2)
  25 gnolls
  10 adders
  4 river rats (Sewer)
  A shadow imp (D:6)
  A white imp (D:7)
  4 ribbon worms
  2 dart slugs (D:2)
  13 orcs
  6 bats
  9 endoplasms
  4 giant cockroaches
  8 goblins
  5 hobgoblins
  4 jackals (Sewer)
  12 quokkas
  9 ball pythons
  11 frilled lizards
  29 kobolds
  9 rats
380 creatures vanquished.

Vanquished Creatures (collateral kills)
  A hydra (Lair:4)
  A blink frog (Lair:4)
  A wight (D:7)
3 creatures vanquished.

Vanquished Creatures (others)
  A human (D:10)
1 creature vanquished.

Grand Total: 384 creatures vanquished

Notes
Turn   | Place    | Note
-------+----------+-------------------------------------------
     0 | D:1      | Fodor the Minotaur Fighter began the quest for the Orb.
     0 | D:1      | Reached XP level 1. HP: 19/19 MP: 0/0
   203 | D:1      | Reached XP level 2. HP: 26/27 MP: 1/1
   232 | D:1      | Found Qeiritz's Weapon Emporium.
  1139 | D:2      | Reached XP level 3. HP: 26/33 MP: 2/2
  1318 | D:2      | Noticed Terence
  1334 | D:2      | Killed Terence
  1335 | D:2      | Reached skill level 3 in Axes
  1424 | D:2      | Noticed Natasha
  1435 | D:2      | Killed Natasha
  1436 | D:2      | Reached XP level 4. HP: 40/40 MP: 3/3
  1453 | D:2      | Noticed Natasha
  1465 | D:2      | Killed Natasha
  1671 | D:2      | Found a radiant altar of Vehumet.
  1751 | D:2      | Reached XP level 5. HP: 41/46 MP: 4/4
  1769 | D:2      | Noticed Natasha
  1774 | D:2      | Killed Natasha
  1905 | D:2      | Found a faded altar of an unknown god.
  1911 | D:2      | Got Plato's Octavo of Blasts
  2137 | D:3      | Reached skill level 4 in Axes
  2325 | D:3      | Reached skill level 1 in Dodging
  2615 | D:3      | Reached skill level 1 in Throwing
  2743 | D:3      | Reached skill level 5 in Armour
  2745 | D:3      | Reached XP level 6. HP: 53/53 MP: 5/5
  3112 | D:4      | Reached skill level 5 in Axes
  3118 | D:4      | Found Dyohu's Jewellery Shoppe.
  3187 | D:4      | Found a glowing drain.
  3199 | Sewer    | Entered a sewer
  3302 | Sewer    | Reached skill level 5 in Shields
  3324 | Sewer    | Reached skill level 5 in Fighting
  3370 | Sewer    | Reached XP level 7. HP: 38/61 MP: 2/6
  4199 | D:4      | Found a hazy altar of Hepliaklqana.
  4200 | D:4      | Found an ornate altar of the Wu Jian Council.
  4310 | D:4      | Identified 3 scrolls of acquirement
  4410 | D:4      | Reached skill level 6 in Axes
  4559 | D:5      | Entered Level 5 of the Dungeon
  4596 | D:5      | Found a shadowy altar of Dithmenos.
  4761 | D:5      | Reached XP level 8. HP: 70/70 MP: 7/7
  4900 | D:5      | Found a snail-covered altar of Cheibriados.
  4907 | D:5      | Found a glowing golden altar of the Shining One.
  5221 | D:6      | Reached skill level 7 in Axes
  5353 | D:6      | You fall into a shaft and drop 3 floors!
  5354 | D:9      | Acquired the +8 war axe "Joil" {spect, Int+4}
  5501 | D:8      | Noticed a cane toad
  5502 | D:8      | Noticed a blink frog
  5516 | D:8      | Killed a cane toad
  5517 | D:8      | Reached skill level 8 in Axes
  5517 | D:8      | Reached skill level 5 in Throwing
  5517 | D:8      | Reached XP level 9. HP: 73/77 MP: 8/8
  5539 | D:8      | Reached skill level 9 in Axes
  5670 | D:7      | Reached skill level 10 in Axes
  6106 | D:6      | Found a burning altar of Makhleb.
  6280 | D:6      | Reached skill level 11 in Axes
  6280 | D:6      | Reached XP level 10. HP: 76/86 MP: 9/9
  6565 | D:7      | Found a staircase to the Ecumenical Temple.
  6572 | D:7      | Noticed Jeremiah
  6577 | Temple   | Entered the Ecumenical Temple
  6627 | D:7      | Noticed Maurice
  6630 | D:7      | Killed Jeremiah
  6645 | D:7      | Something stole 404 gold
  6646 | D:7      | Killed Maurice
  7095 | D:7      | Reached skill level 12 in Axes
  7231 | D:7      | Noticed Pikel
  7251 | D:7      | Killed Pikel
  7347 | D:8      | Found a staircase to the Lair.
  7469 | D:8      | Found a bloodstained altar of Trog.
  7476 | D:8      | Noticed Erica
  7482 | D:8      | Killed Erica
  7668 | D:8      | Reached skill level 1 in Stealth
  7713 | D:8      | Noticed Prince Ribbit
  7718 | D:8      | Killed Prince Ribbit
  7849 | D:8      | Noticed an eight-headed hydra
  7852 | D:8      | Noticed a cyclops
  8014 | D:8      | Noticed a black mamba
  8189 | D:9      | Reached skill level 13 in Axes
  8454 | D:8      | Noticed a deep elf pyromancer
  8458 | D:8      | Noticed a manticore
  8593 | D:9      | Reached XP level 11. HP: 93/95 MP: 10/10
  9175 | D:10     | Entered Level 10 of the Dungeon
  9323 | D:10     | Noticed a boulder beetle
  9332 | D:10     | Killed a boulder beetle
  9598 | D:10     | Reached skill level 14 in Axes
  9639 | D:10     | Found an ancient bone altar of Kikubaaqudgha.
 10132 | Temple   | Became a worshipper of Gozag Ym Sagoz the Greedy
 10305 | Lair:1   | Entered Level 1 of the Lair of Beasts
 10451 | Lair:1   | Acquired the +2 cloak of Tietexa {rN+}
 10514 | Lair:1   | Noticed a boulder beetle
 10541 | Lair:1   | Reached skill level 10 in Armour
 10548 | Lair:1   | Killed a boulder beetle
 10571 | Lair:1   | Identified the beast talisman of Indomitability {rPois
                  | Int-5 Dex+4 SInv}
 10825 | Lair:1   | Noticed Sonja
 10848 | Lair:1   | Killed Sonja
 11065 | Lair:1   | Reached skill level 15 in Axes
 11213 | Lair:1   | Reached XP level 12. HP: 106/106 MP: 11/11
 11228 | Lair:1   | Reached skill level 10 in Fighting
 11477 | Lair:2   | Noticed a five-headed hydra
 11487 | Lair:2   | Killed a 12-headed hydra
 11696 | Lair:2   | Reached skill level 1 in Shapeshifting
 12748 | Lair:3   | Found a staircase to the Swamp.
 12756 | Lair:3   | Reached skill level 16 in Axes
 13023 | Lair:3   | Found a hole to the Spider Nest.
 13371 | Lair:4   | Found a staircase to the Slime Pits.
 13375 | Lair:4   | Found a viscous altar of Jiyva.
 13417 | Lair:4   | Noticed a five-headed hydra
 13431 | Lair:4   | Killed a 12-headed hydra
 13432 | Lair:4   | Reached XP level 13. HP: 10/116 MP: 2/12
 13789 | Slime:1  | Entered Level 1 of the Pits of Slime
 13795 | Slime:1  | Noticed an acid blob
 13803 | Slime:1  | Killed an acid blob
 13830 | Slime:1  | Noticed an azure jelly
 13850 | Slime:2  | Noticed a formless jellyfish
 13851 | Slime:2  | Slain by a formless jellyfish

Illustrated notes

Levels and vault maps discovered:
D:1:      dpeg_arrival_ratfight, layout_loops_corners, serial_shops,
          nicolae_shop_window_shopping, st_stairs_11
D:2:      layout_basic, basic_altar, shapermc_ecumenical_altar_rom_forum,
          uniq_natasha, uniq_terence
D:3:      layout_loops_ring, kennysheep_minor_cross, grunt_decor_clamped
D:4:      layout_cave_pools, grunt_temple_overflow_open,
          gup_sewer_entry_bubbles, minmay_shop_enchanted_jewellery,
          minmay_misc_feat_chi
D:5:      layout_rooms, mainiacjoe_overflow_concentric_impassable, minitemple
D:6:      layout_loops_ring, lightli_temple_of_fire
D:7:      layout_basic, minmay_temple_entry_mini_moons, uniq_maurice,
          uniq_jeremiah, uniq_pikel
D:8:      layout_basic, lemuel_doored_altar, dpeg_lair_monsters,
          hangedman_decor_clover_reticule, onia_ninara_dug_in_and_dangerous,
          uniq_prince_ribbit1, uniq_erica
D:9:      layout_loops_ring
D:10:     layout_gridville, tgw_kikubaaqudgha
Temple:   nicolae_temple_great_sept
Lair:1:   layout_regular_city, grunt_megastairs_3, infiniplex_staircase_pool_2,
          serial_bayou_shore_b, uniq_sonja
Lair:2:   layout_long_grid, pdpol_lair_neglected_garden,
          small_statue_intersection, serial_bayou_shore_a, lemuel_fruit_tree,
          grunt_megastairs_4
Lair:3:   layout_cave_pods, skrybe_swamp_entry_bodies, spider_nest_entry_a,
          lemuel_fruit_fields
Lair:4:   layout_roguey, minmay_slime_entry_jelly_boxes, uniq_snorg
Slime:1:  layout_caves
Slime:2:  layout_caves

Skill      XL: |  1  2  3  4  5  6  7  8  9 10 11 12 13 |
---------------+----------------------------------------+-----
Fighting       | 4 5 6 7 8 9 11 | 11.6
Armour         | 4 5 6 7 8 10 11 | 11.9
Shields        | 4 5 6 7 8 9 |  9.2
Axes           | 3 4 5 6 8 11 13 15 16 | 16.0
Dodging        | 1 2 |  2.7
Throwing       | 1 2 5 6 7 |  7.8
Stealth        | 1 2 3 |  3.0
Shapeshifting  | 3 |  3.8

Action                     |  1- 3 |  4- 6 |  7- 9 | 10-12 | 13-15 || total
---------------------------+-------+-------+-------+-------+-------++-------
  Melee: War axe           |    85 |   155 |   255 |   337 |    20 ||   852
         Headbutt          |     5 |    21 |    44 |    54 |     7 ||   131
  Throw: Javelin           |    10 |    31 |    34 |    51 |     2 ||   128
    Use: Potion            |     1 |       |       |       |       ||     1
         Scroll            |       |       |     8 |     9 |     1 ||    18
   Stab: Distracted        |       |       |       |     5 |     3 ||     8
 Armour: Scale mail        |    71 |    24 |       |       |       ||    95
         Plate armour      |       |   126 |   128 |   203 |    18 ||   475
  Dodge: Dodged            |    34 |    61 |   157 |   267 |    14 ||   533
  Block: Buckler           |    21 |    55 |    51 |    71 |     5 ||   203
   Form: Beast             |       |       |       |     1 |       ||     1

Table legend: (Time is in decaauts)
 A = Elapsed time spent in this place.
 B = Non-inter-level travel time spent in this place.
 C = Inter-level travel time spent in this place.
 D = Time resting spent in this place.
 E = Time spent auto-exploring this place.
 F = Levels seen in this place.
 G = Mean time per level.
                   A        B        C        D        E       F      G
               +--------+--------+--------+--------+--------+-----+--------+
         Total |  14314 |  13642 |    672 |    493 |   8518 |  18 |  795.2 |
       Dungeon |   9518 |   8901 |    617 |     61 |   6015 |  10 |  951.8 |
        Temple |     57 |     47 |     10 |      0 |      0 |   1 |   57.0 |
          Lair |   3491 |   3446 |     45 |    430 |   1860 |   4 |  872.8 |
    Slime Pits |     58 |     58 |      0 |      0 |      4 |   2 |   29.0 |
         Sewer |   1190 |   1190 |      0 |      2 |    638 |   1 | 1190.0 |
               +--------+--------+--------+--------+--------+-----+--------+

Top non-repeatable levels by time:
     D:8: 1307 daAuts
     D:7: 1300 daAuts
   Sewer: 1190 daAuts
  Lair:1: 1178 daAuts
     D:1: 1138 daAuts
  Lair:2: 1020 daAuts
     D:2: 1019 daAuts
     D:3: 932 daAuts
     D:6: 925 daAuts
    D:10: 866 daAuts
     D:9: 821 daAuts
  Lair:3: 813 daAuts
     D:4: 689 daAuts
     D:5: 517 daAuts
  Lair:4: 478 daAuts
